 Dungeon Crawl Stone Soup version 0.19-a0-1320-g0178847 (webtiles) character file.

1756 Amnesiac the Grappler (level 8, 0/77 (80) HPs)
             Began as a Troll Berserker on Aug 31, 2016.
             Was a Believer of Trog.
             Slain by a killer bee (2 damage)
             ... while paralysed
             ... on level 8 of the Dungeon.
             The game lasted 00:04:33 (1260 turns).

Amnesiac the Grappler (Troll Berserker)             Turns: 1260, Time: 00:04:34

HP:   0/77 (80)     AC:  7    Str: 26    XL:     8   Next: 78%
MP:   7/7           EV:  1    Int:  3    God:    Trog [**....]
Gold: 96            SH:  0    Dex: 11    Spells: 0 memorised, 7 levels left

rFire  . . .     SeeInvis .       - Unarmed
rCold  . . .     Gourm    +     n - +2 robe {rN+}
rNeg   + . .     Faith    .     (no shield)
rPois  .         Spirit   .     (helmet restricted)
rElec  .         Dismiss  .     (no cloak)
rCorr  .         Reflect  .     (gloves unavailable)
MR     .....     Harm     .     (boots unavailable)
Stlth  +.........               (no amulet)
                                (no ring)
                                (no ring)

@: paralysed, lethally poisoned (0 -> -8), exhausted, slowed
A: unfitting armour, claws 3, fast metabolism 3, gourmand, regeneration 1,
shaggy fur 1, tough skin 2
a: Berserk, Trog's Hand, Burn Spellbooks, Renounce Religion


You were on level 8 of the Dungeon.
You worshipped Trog.
Trog was pleased with you.
You were full.

You visited 1 branch of the dungeon, and saw 8 of its levels.

You collected 96 gold pieces.

Inventory:

Hand Weapons
 o - a +1 dagger of distortion
Armour
 a - a +0 animal skin
 n - a +2 robe of positive energy (worn)
Wands
 k - a wand of polymorph (11/24)
Scrolls
 e - 2 scrolls of enchant weapon {unknown}
 f - a scroll of fog {unknown}
 g - a scroll of magic mapping {unknown}
 h - a scroll of remove curse {unknown}
 i - a scroll of acquirement {unknown}
 j - a scroll of teleportation {unknown}
 l - a scroll of blinking {unknown}
 p - 2 scrolls of identify {unknown}
 t - a scroll of amnesia {unknown}
Potions
 c - a potion of curing {unknown}
 d - a potion of lignification {unknown}
 m - 2 potions of mutation {unknown}
 q - a potion of invisibility {unknown}
Comestibles
 b - 2 bread rations
 r - a meat ration


   Skills:
 + Level 5.3 Fighting
 + Level 5.2 Dodging
 * Level 8.7 Unarmed Combat


You had 7 spell levels left.
You didn't know any spells.

Dungeon Overview and Level Annotations

Branches:
Dungeon (8/15)
 Temple: D:4-7         Lair: D:8-11

Altars:
Sif Muna


Innate Abilities, Weirdness & Mutations

You are too large for most types of armour.
You have claws for hands.
Your metabolism is lightning-fast.
You like to eat raw meat.
Your natural rate of healing is unusually fast.
You are covered in fur. (AC +1)
You have very tough skin. (AC +2)


Message History

The killer bee closely misses you.
You miss the killer bee.
You feel sick. The killer bee stings you!
You miss the killer bee.
You feel sick. The killer bee barely misses you.
You miss the killer bee.
You feel sick. The killer bee closely misses you.
You miss the killer bee.
You feel sick. The killer bee barely misses you.
The killer bee stings you but does no damage.
You closely miss the killer bee.
You feel sick. The killer bee misses you.
You closely miss the killer bee.
You are no longer berserk.
You pass out from exhaustion.
You feel yourself slow down.
You feel sick. The killer bee stings you!
* * * LOW HITPOINT WARNING * * *
You feel sick. The killer bee stings you!
* * * LOW HITPOINT WARNING * * *
You are lethally poisoned!
The killer bee poisons you! The killer bee stings you.
* * * LOW HITPOINT WARNING * * *
* * * LOW HITPOINT WARNING * * *
You feel sick. The killer bee stings you.
You die...

.......'....'.....#
#.#
.......######....##
### .......# #....#
...##'## #########
...##.#######.......#
...##.#....##.......#
...##.#.............#
#####.(........y)†..#
###(........@##...y..
#(.........# ....y
#))........# ._@.
#()........# ...
#.)........# ..
#.....####### #
#.#.#.# (.....##
#.#.#.##


You could see a killer bee.

Vanquished Creatures
  Maurice (D:8)
  Psyche (D:8)
  A two-headed ogre (D:8)
  3 necrophages (D:8)
  3 giant frogs (D:8)
  5 killer bees
  A howler monkey (D:6)
  A crimson imp (D:8)
  A quasit (D:8)
  An orc priest (D:8)
  An iguana (D:8)
  2 killer bee zombies
  3 adders
  An ooze (D:3)
  A giant gecko (D:3)
  6 orcs
  A bat (D:1)
  A giant cockroach (D:2)
  A hobgoblin (D:1)
  2 quokkas
  A giant newt (D:3)
  A rat (D:2)
39 creatures vanquished.

Notes
Turn   | Place    | Note
-------+----------+-------------------------------------------
     0 | D:1      | Amnesiac the Troll Berserker began the quest for the Orb.
     0 | D:1      | Reached XP level 1. HP: 22/22 MP: 0/0
    64 | D:2      | Reached XP level 2. HP: 29/29 MP: 1/1
   171 | D:3      | Reached XP level 3. HP: 26/36 MP: 2/2
   236 | D:5      | Entered Level 5 of the Dungeon
   301 | D:6      | Reached skill level 4 in Unarmed Combat
   301 | D:6      | Reached XP level 4. HP: 29/45 MP: 3/3
   570 | D:8      | Noticed a giant frog
   580 | D:8      | Killed a giant frog
   580 | D:8      | Reached XP level 5. HP: 39/53 MP: 4/4
   587 | D:8      | Reached skill level 5 in Unarmed Combat
   614 | D:8      | Noticed a necrophage
   619 | D:8      | Killed a necrophage
   619 | D:8      | Reached XP level 6. HP: 62/62 MP: 5/5
   785 | D:8      | Reached skill level 6 in Unarmed Combat
   829 | D:8      | Reached XP level 7. HP: 67/67 MP: 6/6
   849 | D:8      | Noticed a two-headed ogre
   852 | D:8      | Noticed Psyche
   862 | D:8      | Killed a two-headed ogre
   940 | D:8      | Killed Psyche
   940 | D:8      | Reached skill level 7 in Unarmed Combat
   940 | D:8      | Reached XP level 8. HP: 76/76 MP: 7/7
  1171 | D:8      | Reached ** piety under Trog
  1228 | D:8      | Found a deep blue altar of Sif Muna.
  1228 | D:8      | Noticed Maurice
  1238 | D:8      | Reached skill level 5 in Fighting
  1238 | D:8      | Reached skill level 8 in Unarmed Combat
  1247 | D:8      | Killed Maurice
  1247 | D:8      | Reached skill level 5 in Dodging
  1259 | D:8      | HP: 3/77 [killer bee (6)]
  1260 | D:8      | Slain by a killer bee

Vault maps used:
D:1:      minmay_arrival_semitransparent, serial_bayou, serial_bayou_crossing,
          serial_bayou_lagoon_a, serial_bayou_pond_c, serial_bayou_ford_a,
          minmay_cupped
D:2:      minitemple, xom_teletrap_fun, uniq_natasha
D:4:      uniq_blork_the_orc
D:5:      kiku_gazebo_garden_becter, serial_shops, nicolae_shop_behind_doors,
          first_bread, uniq_duvessa, uniq_menkaure
D:6:      gammafunk_temple_overflow_statue, nemelex_xobeh_ov_fountains_minmay,
          basic_altar
D:7:      grunt_livestock, minivault_24
D:8:      basic_altar, kennysheep_path_1, st_stairs_10, grunt_decor_fettered,
          uniq_psyche, uniq_maurice

Skill      XL: |  1  2  3  4  5  6  7  8 |
---------------+-------------------------+-----
Fighting       | 3 4 5 |  5.3
Unarmed Combat | 4 5 6 7 8 |  8.7
Dodging        | 3 4 5 |  5.2

Action                   |  1- 3 |  4- 6 |  7- 9 || total
-------------------------+-------+-------+-------++-------
Melee: Unarmed           |    31 |    56 |    66 ||   153
       Punch             |       |     1 |     4 ||     5
Invok: Berserk           |     2 |     2 |     3 ||     7
  Eat: Chunk             |     1 |     4 |     8 ||    13
       Beef jerky        |       |     1 |       ||     1
       Fruit             |       |     1 |     1 ||     2
       Bread ration      |       |       |     1 ||     1
Armor: Animal skin       |     6 |    14 |     3 ||    23
       Robe              |       |       |    20 ||    20
Dodge: Dodged            |    22 |    31 |    56 ||   109
